 Dungeon Crawl Stone Soup version bcrawl-1.12-5-g74a5124548 (webtiles) character file.

Game seed: 12739090076868181892

39228 xoxolimbo the Destroyer (level 13, -10/105 HPs)
             Began as a Demonspawn Fire Elementalist on May 30, 2019.
             Was an Elder of Vehumet.
             Mangled by a small abomination (16 damage)
             ... in a Gauntlet on May 31, 2019.
             The game lasted 00:53:25 (23653 turns).

xoxolimbo the Destroyer (DsFE)                     Turns: 23653, Time: 00:53:25

Health: -10/105    AC:  9    Str: 11    XL:     13   Next: 68%
Magic:  41/43      EV: 18    Int: 20    God:    Vehumet [****..]
Gold:   1416       SH:  0    Dex: 20    Spells: 10/28 levels left

rFire    . . .     SeeInvis .   x - +5 short sword of Objectivity {flame, MP+9}
rCold    . . .     Gourm    .   (no shield)
rNeg     + . .     Faith    .   H - +0 robe of Grace {MP+9 Dex+7}
rPois    .         Spirit   .   t - +0 helmet
rElec    .         Reflect  .   L - +0 cloak
rCorr    .         Harm     .   (no gloves)
MR       .....     NoTele   +   q - +0 pair of boots
Stlth    +++.......             j - amulet of magic regeneration
HPRegen  0.27/turn              k - ring of stealth
MPRegen  0.53/turn              y - ring of positive energy

@: no status effects
A: hooves 1, rugged brown scales 3, powered by death 1, rot immunity
a: Renounce Religion


You were in a Gauntlet.
You worshipped Vehumet.
Vehumet was greatly pleased with you.
You were very hungry.

You visited 3 branches of the dungeon, and saw 16 of its levels.
You also visited: Bailey and Gauntlet.

You collected 1465 gold pieces.
You spent 49 gold pieces at shops.

Inventory:

Hand Weapons
 u - a +0 hunting sling
 x - the +5 short sword of Objectivity (weapon) {flame, MP+9}
   (You took it off an orc wizard on level 6 of the Dungeon)

   It has been specially enchanted to burn those struck by it, causing extra
   injury to most foes and up to half again as much damage against particularly
   susceptible opponents.
   It affects your magic capacity (+9).
 N - a +0 blowgun
Missiles
 o - 505 sling bullets
 v - 4067 stones (quivered)
Armour
 e - a +0 ring mail
 q - a +0 pair of boots (worn)
 t - a +0 helmet (worn)
 H - the +0 robe of Grace (worn) {MP+9 Dex+7}
   (You found it on level 9 of the Dungeon)

   It affects your dexterity (+7).
   It affects your magic capacity (+9).
 L - a +0 cloak (worn)
 U - the +2 pair of boots "Teorut" {rElec, unknown}
   (You found it in a Gauntlet)

   It insulates you from electricity.
Magical Staves
 E - an uncursed staff of earth
Jewellery
 h - an uncursed ring of protection from magic {unknown}
 j - an amulet of magic regeneration (around neck)
 k - a ring of stealth (left hand)
 y - a ring of positive energy (right hand)
Wands
 b - a wand of digging (9)
 l - a wand of disintegration (14)
 J - a wand of flame (23)
 P - a wand of scattershot (4)
Scrolls
 a - a scroll of brand weapon {unknown}
 d - 4 scrolls of immolation {unknown}
 f - a scroll of vulnerability {unknown}
 i - 3 scrolls of enchant armour {unknown}
 m - 4 scrolls of amnesia
 s - a scroll of fear {unknown}
 w - 8 scrolls of teleportation
 z - 5 scrolls of remove curse
 A - 2 scrolls of magic mapping
 F - 2 scrolls of enchant weapon {unknown}
 G - a scroll of blinking {unknown}
 O - a scroll of torment {unknown}
 Q - 2 scrolls of acquirement {unknown}
 R - a scroll of identify
Potions
 g - a potion of resistance {unknown}
 n - 2 potions of haste
 p - 2 potions of magic
 r - a potion of brilliance
 B - 3 potions of flight
 C - a potion of cancellation
 D - a potion of might {unknown}
 K - a potion of curing
 M - a potion of invisibility {unknown}
 S - a potion of heal wounds {unknown}
 T - a potion of agility {unknown}
Comestibles
 c - 35 rations {!d}


   Skills:
 + Level 8.6 Fighting
 + Level 6.9 Armour
 + Level 7.3 Dodging
 - Level 2.0 Stealth
 + Level 8.4 Spellcasting
 * Level 12.3 Conjurations
 * Level 11.6 Fire Magic
 + Level 0.5 Air Magic


You had 10 spell levels left.
You knew the following spells:

 Your Spells              Type           Power        Failure   Level  Hunger
a - Flame Tongue          Conj/Fire      #####        1%          1    None
b - Conjure Flame         Conj/Fire      ######..     1%          3    None
c - Fireball              Conj/Fire      ######....   1%          5    #####..
e - Sticky Flame          Conj/Fire      ######..     1%          4    ###....
r - Summon Lightning Spi  Summ/Air       #.......     90%         5    #####..

Your spell library contained the following spells:

 Spells                   Type           Power        Failure   Level  Hunger
 Ozocubu's Refrigeration  Ice            #.........   95%         6    ######.
 Inner Flame              Hex/Fire       ####....     1%          3    None
 Beastly Appendage        Tmut           #.....       9%          1    None
 Blink Other              Tloc           #.....       9%          1    None
 Summon Small Mammal      Summ           #...         9%          1    None
 Blink                    Tloc           N/A          12%         2    None
 Call Imp                 Summ           #.......     12%         2    None
 Sticks to Snakes         Tmut           #.......     12%         2    None
 Call Canine Familiar     Summ           #.......     24%         3    None
 Portal Projectile        Tloc           #.....       24%         3    None
 Spider Form              Tmut/Pois      #.........   24%         3    None
 Teleport Other           Tloc           #.......     24%         3    None
 Ice Form                 Ice/Tmut       #.......     63%         4    ###....
 Summon Ice Beast         Ice/Summ       #.......     63%         4    ###....
 Blade Hands              Tmut           #.........   92%         5    #####..
 Passage of Golubria      Tloc           N/A          92%         5    #####..


Dungeon Overview and Level Annotations

Branches:
Dungeon (9/12)             Temple (1/1) D:7            Lair (6/6) D:9
  Swamp (0/3) Lair:2        Snake (0/3) Lair:4        Slime (0/5) Lair:5
    Orc (0/1) D:9

Altars:
Ashenzari
Cheibriados
Dithmenos
Elyvilon
Fedhas
Hepliaklqana
Kikubaaqudgha
Lugonu
Makhleb
Nemelex Xobeh
Okawaru
Qazlal
Ru
Sif Muna
Trog
Uskayaw
Vehumet
Wu Jian
The Shining One

Shops:
D:7 *   D:9 *

Annotations:
D:9 1 runed door Gauntlet 13 transporters


Innate Abilities, Weirdness & Mutations

You have large cloven feet.
You are completely covered in rugged brown scales. (AC +3, +7% HP)
You regenerate a little health from kills.
You are immune to rotting.


Message History

Casting: Sticky Flame (safe; 1% risk of failure)
Confirm with . or Enter, or press ? or * to list all spells.
Aiming: Sticky Flame (safe; 1% risk of failure)
Press: ? - help, Shift-Dir - straight line, f - small abomination
Aim: a small abomination The sticky flame hits the small abomination.
The small abomination is lightly damaged.
The small abomination is covered in liquid flames!
The small abomination burns!
The small abomination hits you!!
* * * LOW HITPOINT WARNING * * *
Okay, then.
Okay, then.
You feel better.
The small abomination burns!
The large abomination burns!
The small abomination closely misses you.
The small abomination hits you!
* * * LOW HITPOINT WARNING * * *
The small abomination barely misses you.
The small abomination burns!
The small abomination stops burning.
The large abomination burns!
The small abomination hits you!
You die...

......hbb#.#......x..#.#....hbb..
.##..t##b#.#..##.##..#.#.#...###.
.#.###.#.#.#.##...##.#.#...###b..
..##.##..#.#.#.....#.#.#.#.#...#.
....©....#.#....©....#.#.#.b©#.#.
..##.##..#.#.#....X#.#.#b..###...
.#.###.#.#.#x##...##.#.#h#.#...#.
.##...##.#.#..##x##X.#.#h#...###.
..?.©[!..#.#..=!@x"X.#.#b.$=©$b..
##########.###########.##########
.................................
.................................
#################################
#.©.... ....©.... ....©....
#....... ........... ..........
######## ########### #####.#.##
#.#...


You could see 3 large abominations and 2 small abominations.

Vanquished Creatures
  Snorg (Lair:5)
  6 hydras
  A catoblepas (Lair:5)
  A two-headed ogre (D:7)
  5 death yaks
  2 orc knights (Bailey)
  An ugly thing (D:7)
  3 oklob plants
  A moth of wrath (Gauntlet)
  A centaur zombie (D:8)
  A black mamba (Lair:4)
  Maurice (D:8)
  6 cane toads
  2 centaur skeletons (D:6)
  3 rime drakes
  3 komodo dragons
  A queen bee (Lair:1)
  A polar bear (Lair:3)
  12 blink frogs
  A troll (D:5)
  Grinder (D:6)
  2 bog bodies (Lair:2)
  7 hippogriffs
  5 dream sheep (Lair:5)
  2 wyverns
  37 yaks
  4 hogs (D:7)
  A human (D:7)
  2 basilisks
  A wraith (D:7)
  6 nagas (Lair:4)
  5 water moccasins
  2 swamp worms (Lair:2)
  An acid dragon (Gauntlet)
  10 porcupines
  A hornet zombie (D:5)
  Duvessa (D:6)
  7 orc warriors
  3 ice beasts
  A necrophage (D:5)
  A phantom (D:6)
  6 centaurs
  4 ogres
  10 wolves
  6 crocodiles
  A big kobold (D:8)
  14 bullfrogs
  2 wyvern zombies (D:7)
  Dowan (D:6)
  7 scorpions
  28 killer bees
  A wight (D:6)
  An electric eel (Lair:2)
  A bullfrog zombie (D:6)
  5 crimson imps
  4 hounds
  A jelly (D:6)
  4 orc priests
  8 orc wizards
  3 iguanas
  5 hell rats (Lair:5)
  A killer bee zombie (D:8)
  A hound zombie (D:5)
  A hound skeleton (D:7)
  A gnoll (D:6)
  10 adders
  2 oozes
  An adder zombie (D:4)
  An adder skeleton (D:5)
  2 worms (D:2)
  2 dart slugs
  4 leopard geckos
  31 orcs
  2 giant cockroaches
  3 goblins
  11 hobgoblins
  3 jackals (D:4)
  31 kobolds
  4 quokkas
  4 frilled lizards
  A jackal zombie (D:6)
  A quokka zombie (D:6)
  3 rats
  A bush (Lair:3)
  2 fungi
  4 plants (Lair:3)
392 creatures vanquished.

Vanquished Creatures (others)
  A centaur warrior (D:9)
  A sky beast (D:5)
  8 fungi
  A plant (Lair:4)
11 creatures vanquished.

Grand Total: 403 creatures vanquished

Notes
Turn   | Place    | Note
-------+----------+-------------------------------------------
     0 | D:1      | xoxolimbo the Demonspawn Fire Elementalist began the quest
                  | for the Orb.
     0 | D:1      | Reached XP level 1. HP: 13/13 MP: 3/3
   561 | D:1      | Gained mutation: You regenerate a little health from kills.
                  | [demonic ancestry]
   561 | D:1      | Reached XP level 2. HP: 19/20 MP: 0/5
  2162 | D:2      | Reached XP level 3. HP: 25/25 MP: 2/6
  2417 | D:2      | Reached skill level 2 in Conjurations
  2455 | D:2      | Reached skill level 1 in Fighting
  2602 | D:2      | Learned a level 3 spell: Conjure Flame
  4165 | D:3      | Noticed a scorpion
  4517 | D:3      | Reached XP level 4. HP: 23/32 MP: 0/7
  5472 | D:3      | Reached XP level 5. HP: 29/37 MP: 0/9
  5759 | D:4      | Learned a level 4 spell: Sticky Flame
  6115 | D:4      | Noticed a centaur
  6188 | D:4      | Killed a centaur
  6188 | D:4      | Reached skill level 3 in Conjurations
  6354 | D:4      | Reached XP level 6. HP: 27/44 MP: 0/10
  7133 | D:5      | Entered Level 5 of the Dungeon
  7178 | D:5      | Reached skill level 4 in Conjurations
  7539 | D:5      | Noticed a sky beast
  7623 | D:5      | Killed a sky beast
  7638 | D:5      | Gained mutation: You are partially covered in rugged brown
                  | scales. (AC +1, +3% HP) [demonic ancestry]
  7638 | D:5      | Reached XP level 7. HP: 12/52 MP: 0/11
  8029 | D:5      | Reached skill level 5 in Fire Magic
  8357 | D:5      | Noticed a troll
  8357 | D:5      | Noticed a hippogriff
  8431 | D:6      | Noticed Grinder
  8445 | D:6      | Paralysed by Grinder for 3 turns
  8451 | D:6      | Paralysed by Grinder for 2 turns
  8455 | D:6      | Killed Grinder
  8455 | D:6      | Reached skill level 5 in Conjurations
  8600 | D:6      | Learned a level 5 spell: Fireball
  8686 | D:6      | Noticed Duvessa
  8697 | D:6      | Gained mutation: You are mostly covered in rugged brown
                  | scales. (AC +2, +5% HP) [demonic ancestry]
  8697 | D:6      | Reached XP level 8. HP: 37/61 MP: 8/14
  8842 | D:6      | Killed Duvessa
  8853 | D:6      | Noticed Dowan
  8859 | D:6      | Killed Dowan
  8996 | D:6      | Reached skill level 6 in Conjurations
  9104 | D:6      | Identified the +5 short sword of Objectivity {flame, MP+9}
  9119 | D:6      | Reached skill level 1 in Armour
  9541 | D:6      | Gained mutation: You are completely covered in rugged brown
                  | scales. (AC +3, +7% HP) [demonic ancestry]
  9541 | D:6      | Reached XP level 9. HP: 63/69 MP: 15/15
  9771 | D:6      | Found an iron altar of Okawaru.
  9772 | D:6      | Found a bloodstained altar of Trog.
 10112 | D:5      | Reached skill level 7 in Conjurations
 10688 | D:5      | Reached skill level 5 in Spellcasting
 10983 | D:5      | Killed a troll
 10983 | D:5      | Reached skill level 5 in Fighting
 11419 | D:7      | Noticed a two-headed ogre
 11437 | D:7      | Killed a two-headed ogre
 11437 | D:7      | Reached skill level 8 in Conjurations
 11437 | D:7      | Gained mutation: You are immune to rotting. [demonic
                  | ancestry]
 11437 | D:7      | Reached XP level 10. HP: 23/79 MP: 17/18
 11925 | D:7      | Found Idopn's General Store.
 11933 | D:7      | Bought a scroll of magic mapping for 49 gold pieces
 11999 | D:7      | Found a staircase to the Ecumenical Temple.
 12008 | Temple   | Entered the Ecumenical Temple
 12047 | Temple   | Became a worshipper of Vehumet
 12118 | D:7      | Noticed a green ugly thing
 12133 | D:7      | Killed a green ugly thing
 12403 | D:8      | Noticed Maurice
 12417 | D:8      | Killed Maurice
 12471 | D:8      | Found a glowing golden altar of the Shining One.
 12635 | D:8      | Reached skill level 9 in Conjurations
 13305 | D:9      | Found a flagged portal.
 13312 | D:9      | Reached * piety under Vehumet
 13312 | D:9      | Offered knowledge of Sandblast by Vehumet.
 13341 | Bailey   | Entered a bailey
 13468 | Bailey   | Noticed an orc knight
 13472 | Bailey   | Gained mutation: You have large cloven feet. [demonic
                  | ancestry]
 13472 | Bailey   | Reached XP level 11. HP: 86/86 MP: 11/20
 13473 | Bailey   | Noticed an orc knight
 13482 | Bailey   | Killed an orc knight
 13533 | Bailey   | Killed an orc knight
 13554 | Bailey   | Offered knowledge of Magic Dart by Vehumet.
 13736 | Bailey   | Got an ancient plate armour
 13802 | D:9      | Found Roidaprich's Assorted Antiques.
 13849 | D:9      | Reached ** piety under Vehumet
 13852 | D:9      | Reached skill level 5 in Dodging
 13947 | D:9      | Found a staircase to the Orcish Mines.
 13959 | D:9      | Got a sheer robe
 14145 | D:9      | Found a staircase to the Lair.
 14186 | D:9      | Found a glowing golden altar of the Shining One.
 14186 | D:9      | Noticed an angel
 14187 | D:9      | Found a runed door.
 14331 | D:9      | Noticed a centaur warrior
 14346 | D:9      | Killed a centaur warrior
 14711 | Lair:1   | Entered Level 1 of the Lair of Beasts
 14724 | Lair:1   | Identified the cursed +0 robe of Grace {MP+9 Dex+7} (You
                  | found it on level 9 of the Dungeon)
 15250 | Lair:1   | Noticed a four-headed hydra
 15263 | Lair:1   | Killed a four-headed hydra
 15263 | Lair:1   | Reached skill level 10 in Conjurations
 15750 | Lair:1   | Offered knowledge of Ignite Poison by Vehumet.
 15752 | Lair:1   | Reached skill level 5 in Armour
 15775 | Lair:1   | Reached *** piety under Vehumet
 16094 | Lair:1   | Reached XP level 12. HP: 97/97 MP: 20/22
 16285 | Lair:1   | Reached skill level 10 in Fire Magic
 16581 | Lair:2   | Offered knowledge of Fulminant Prism by Vehumet.
 16770 | Lair:2   | Noticed a four-headed hydra
 16778 | Lair:2   | Killed a four-headed hydra
 17658 | Lair:2   | Found a staircase to the Swamp.
 18278 | Lair:3   | Noticed a death yak
 18278 | Lair:3   | Noticed a death yak
 18304 | Lair:3   | Noticed a death yak
 18304 | Lair:3   | Noticed a death yak
 18305 | Lair:3   | Killed a death yak
 18305 | Lair:3   | Reached skill level 11 in Conjurations
 18305 | Lair:3   | Noticed a death yak
 18307 | Lair:3   | Killed a death yak
 18321 | Lair:2   | Killed a death yak
 18329 | Lair:2   | Killed a death yak
 18642 | Lair:3   | Noticed a six-headed hydra
 18648 | Lair:3   | Killed a six-headed hydra
 18789 | Lair:2   | Reached **** piety under Vehumet
 19182 | Lair:3   | Offered knowledge of Static Discharge by Vehumet.
 19364 | Lair:3   | Killed a death yak
 19494 | Lair:3   | Reached XP level 13. HP: 80/104 MP: 24/24
 20662 | Lair:4   | Found a staircase to the Snake Pit.
 20740 | Lair:4   | Reached ***** piety under Vehumet
 21544 | Lair:5   | Reached skill level 12 in Conjurations
 21546 | Lair:5   | Offered knowledge of Ozocubu's Refrigeration by Vehumet.
 21969 | Lair:5   | Noticed Snorg
 21977 | Lair:5   | Killed Snorg
 22148 | Lair:5   | Found a staircase to the Slime Pits.
 22611 | Lair:5   | Learned a level 5 spell: Summon Lightning Spire
 22637 | Lair:6   | Entered Level 6 of the Lair of Beasts
 22665 | Lair:6   | Found a gate leading to a gauntlet.
 22691 | Gauntlet | Entered a Gauntlet
 22691 | Gauntlet | Found a transporter.
 22707 | Gauntlet | Found a transporter.
 22716 | Gauntlet | Found a transporter.
 22721 | Gauntlet | Found a transporter.
 22736 | Gauntlet | Found a transporter.
 22755 | Gauntlet | Found a transporter.
 22766 | Gauntlet | Noticed a green death
 22767 | Gauntlet | Found a transporter.
 22779 | Gauntlet | Found a transporter.
 22790 | Gauntlet | Found the amulet of the Four Winds {rN+ MR+++ Clar}
 22791 | Gauntlet | Found a transporter.
 22803 | Gauntlet | Found a transporter.
 22823 | Gauntlet | Found a transporter.
 22838 | Gauntlet | Found a transporter.
 22840 | Gauntlet | Found a transporter.
 22867 | Gauntlet | Found a transporter.
 22887 | Gauntlet | Found a transporter.
 22926 | Gauntlet | Noticed an azure jelly
 22931 | Gauntlet | Noticed a dire elephant
 22931 | Gauntlet | an azure jelly changed into a dire elephant
 22932 | Gauntlet | Noticed a storm dragon
 22932 | Gauntlet | a dire elephant changed into a storm dragon
 22937 | Gauntlet | a storm dragon changed into a catoblepas
 22938 | Gauntlet | Noticed a storm dragon
 22938 | Gauntlet | a catoblepas changed into a storm dragon
 22940 | Gauntlet | Noticed an emperor scorpion
 22940 | Gauntlet | a storm dragon changed into an emperor scorpion
 22943 | Gauntlet | an emperor scorpion changed into a catoblepas
 22964 | Gauntlet | Noticed a storm dragon
 22964 | Gauntlet | a catoblepas changed into a storm dragon
 22965 | Gauntlet | Found a transporter.
 22968 | Gauntlet | Noticed an emperor scorpion
 22968 | Gauntlet | a storm dragon changed into an emperor scorpion
 22972 | Gauntlet | Noticed a minotaur
 22972 | Gauntlet | an emperor scorpion changed into a minotaur
 22973 | Gauntlet | Noticed an azure jelly
 22973 | Gauntlet | a minotaur changed into an azure jelly
 22985 | Gauntlet | Found a transporter.
 22989 | Gauntlet | Found a transporter.
 23047 | Gauntlet | Noticed a stone giant
 23049 | Gauntlet | Noticed a shadow dragon
 23049 | Gauntlet | a stone giant changed into a shadow dragon
 23058 | Gauntlet | Noticed a stone giant
 23058 | Gauntlet | a shadow dragon changed into a stone giant
 23063 | Gauntlet | a stone giant changed into an iron troll
 23074 | Gauntlet | Noticed a frost giant
 23075 | Gauntlet | Noticed a sphinx
 23075 | Gauntlet | a frost giant changed into a sphinx
 23077 | Gauntlet | Noticed a dire elephant
 23077 | Gauntlet | a sphinx changed into a dire elephant
 23078 | Gauntlet | Noticed a storm dragon
 23078 | Gauntlet | a dire elephant changed into a storm dragon
 23079 | Gauntlet | a storm dragon changed into something unseen
 23080 | Gauntlet | Noticed a storm dragon
 23085 | Gauntlet | Noticed a minotaur
 23085 | Gauntlet | a storm dragon changed into a minotaur
 23091 | Gauntlet | Noticed a sphinx
 23091 | Gauntlet | a minotaur changed into a sphinx
 23094 | Gauntlet | a sphinx changed into an alligator snapping turtle
 23322 | Gauntlet | Got a pair of dazzling boots
 23653 | Gauntlet | Mangled by a small abomination

Skill      XL: |  1  2  3  4  5  6  7  8  9 10 11 12 13 |
---------------+----------------------------------------+-----
Fire Magic     | 3 4 5 6 7 8 9 11 | 11.6
Conjurations   | 2 3 4 5 6 8 9 10 11 12 | 12.3
Fighting       | 1 2 3 4 5 6 7 8 |  8.6
Spellcasting   | 3 4 5 6 7 8 |  8.4
Dodging        | 2 3 4 5 6 7 |  7.3
Armour         | 1 2 4 5 6 |  6.9
Stealth        | |  2.0
Air Magic      | |  0.5

Action                   |  1- 3 |  4- 6 |  7- 9 | 10-12 | 13-15 || total
-------------------------+-------+-------+-------+-------+-------++-------
Melee: Whip              |    24 |     6 |       |       |       ||    30
       Unarmed           |     3 |       |       |       |       ||     3
       Short sword       |       |       |    41 |   103 |    30 ||   174
       Hunting sling     |       |       |     1 |       |       ||     1
 Fire: Hunting sling     |       |    32 |    32 |       |       ||    64
 Cast: Flame Tongue      |    92 |    62 |   124 |   234 |    21 ||   533
       Conjure Flame     |     1 |     1 |    11 |    15 |     2 ||    30
       Sticky Flame      |       |     3 |    19 |    93 |    38 ||   153
       Fireball          |       |       |       |   110 |    56 ||   166
  Use: Potion            |     2 |       |     2 |       |     1 ||     5
       Scroll            |       |     7 |       |     8 |     1 ||    16
 Stab: Sleeping          |     1 |       |       |       |       ||     1
  Eat: Chunk             |     7 |    10 |    12 |    46 |    15 ||    90
       Ration            |     1 |     1 |     1 |     6 |     4 ||    13
Armor: Robe              |     9 |    13 |       |    43 |    23 ||    88
       Leather armour    |       |     4 |    41 |    38 |       ||    83
       Skin              |       |       |     8 |       |       ||     8
       Ring mail         |       |       |       |     4 |       ||     4
Dodge: Dodged            |    44 |    41 |    77 |   291 |    95 ||   548
